 Dungeon Crawl Stone Soup version 0.28.0-53-g5a82cb258f (webtiles) character file.

Game seed: 7270892351837669691

707 jiml777 the Digger (level 7, -17/36 HPs)
             Began as a Gargoyle Earth Elementalist on June 7, 2022.
             Was an Initiate of Cheibriados.
             Demolished by an orc warrior
             ... wielding a +0 scimitar
              (18 damage)
             ... on level 5 of the Dungeon.
             The game lasted 00:23:35 (3831 turns).

jiml777 the Digger (Gargoyle Earth Elementalist)    Turns: 3831, Time: 00:23:35

Health: -17/36     AC:  9    Str: 13    XL:     7   Next: 67%
Magic:  5/14       EV: 11    Int: 18    God:    Cheibriados [......]
Gold:   161        SH:  0    Dex: 11    Spells: 9/15 levels left

rFire   . . .      SeeInvis .   a - +0 dagger
rCold   . . .      Faith    .   (no shield)
rNeg    + . .      Spirit   .   h - +0 leather armour
rPois   ∞          Reflect  .   (no helmet)
rElec   +          Harm     .   (no cloak)
rCorr   .          Rampage  .   j - +0 pair of gloves
Will    .....                   (no boots)
Stlth   ++........              (no amulet)
HPRegen 0.12/turn               (no ring)
MPRegen 0.14/turn               (no ring)

@: mighty, invisible, very slow
A: sickness immunity, AC +4, negative energy resistance 1, electricity
resistance, torment resistance 1, petrification resistance
a: Renounce Religion


You were on level 5 of the Dungeon.
You worshipped Cheibriados.
Cheibriados was noncommittal.
You visited 2 branches of the dungeon, and saw 7 of its levels.

You collected 161 gold pieces.

Inventory:

Hand Weapons
 a - a +0 dagger (weapon)
 g - a +0 hunting sling
 s - a +0 hand crossbow
Missiles
 c - 39 stones
 k - 24 arrows
 o - 72 sling bullets
 t - 44 bolts
Armour
 b - a +0 robe
 h - a +0 leather armour (worn)
 j - a +0 pair of gloves (worn)
 r - a +0 tower shield
Wands
 p - a wand of flame (10)
Scrolls
 f - a scroll of vulnerability {unknown}
 n - a scroll of fear {unknown}
 q - 4 scrolls of teleportation {unknown}
 u - a scroll of magic mapping {unknown}
Potions
 e - 2 potions of brilliance
 l - a potion of mutation
 m - a potion of curing
 v - a potion of resistance {unknown}


   Skills:
 + Level 2.6 Armour
 + Level 1.7 Dodging
 + Level 2.5 Stealth
 + Level 4.8 Spellcasting
 + Level 0.7 Transmutations
 + Level 7.3 Earth Magic
 + Level 1.6 Evocations


You had 9 spell levels left.
You knew the following spells:

 Your Spells              Type           Power      Damage    Failure   Level
a - Sandblast             Erth           60%        2d14      1%          1
b - Passwall              Tmut/Erth      15%        N/A       4%          2
c - Stone Arrow           Conj/Erth      34%        3d9       12%         3

Your spell library contained the following spells:

 Spells                   Type           Power      Damage    Failure   Level
 Pain                     Necr           16%        1d4       17%         1
 Petrify                  Tmut/Erth      18%        N/A       32%         4
 Agony                    Necr           4%         N/A       99%         5
 Excruciating Wounds      Necr           2%         N/A       99%         5


Dungeon Overview and Level Annotations

Branches:
Dungeon (6/15)             Temple (1/1) D:5

Altars:
Ashenzari
Cheibriados
Dithmenos
Fedhas
Gozag
Hepliaklqana
Kikubaaqudgha
Qazlal
Ru
Uskayaw
Vehumet
Xom
Zin
The Shining One


Innate Abilities, Weirdness & Mutations

You are immune to sickness and miasma.
Your stone body is resilient. (AC +4)
You are immune to poison.
You resist negative energy. (rN+)
You are resistant to electric shocks. (rElec)
You are resistant to unholy torment.
You are immune to petrification.


Message History

Confirm with . or Enter, or press ? or * to list all spells.
Aiming: Sandblast (safe; 1% risk of failure)
Press: ? - help, Shift-Dir - straight line, f - orc warrior
Aim: an orc warrior, wielding a +0 scimitar and wearing a +0 plate armour (moderately wounded, 82% to hit)
The blast of sand hits the orc warrior but does no damage.
The orc warrior is moderately wounded.
The orc warrior hits you with a +0 scimitar!
Casting: Sandblast (safe; 1% risk of failure)
Confirm with . or Enter, or press ? or * to list all spells.
Aiming: Sandblast (safe; 1% risk of failure)
Press: ? - help, Shift-Dir - straight line, f/p - orc warrior
Aim: an orc warrior, wielding a +0 scimitar and wearing a +0 plate armour (moderately wounded, 82% to hit)
The blast of sand hits the orc warrior but does no damage.
The orc warrior is moderately wounded.
The orc warrior hits you with a +0 scimitar.
Casting: Sandblast (safe; 1% risk of failure)
Confirm with . or Enter, or press ? or * to list all spells.
Aiming: Sandblast (safe; 1% risk of failure)
Press: ? - help, Shift-Dir - straight line, f/p - orc warrior
Aim: an orc warrior, wielding a +0 scimitar and wearing a +0 plate armour (moderately wounded, 82% to hit)
The blast of sand hits the orc warrior.
The orc warrior is moderately wounded.
The orc warrior misses you.
You feel very mighty all of a sudden.
The orc warrior hits you with a +0 scimitar!
* * * LOW HITPOINT WARNING * * *
You feel better.
The orc warrior hits you with a +0 scimitar.
* * * LOW HITPOINT WARNING * * *
You feel better.
The orc warrior hits you with a +0 scimitar!
* * * LOW HITPOINT WARNING * * *
Casting: Sandblast (safe; 1% risk of failure)
Confirm with . or Enter, or press ? or * to list all spells.
You don't know that spell.
Unknown command.
You fade into invisibility!
The orc warrior hits you with a +0 scimitar!!
Ouch! That really hurt!
You die...

+#..##.#
##.....##..†.'.#
#$.....)#....###
?..8..$##..##
..... ##'##
....##..##
..##....#
#)#'....#
##@o##..##
+....#### #....#
##..## ####


You could see an orc warrior.

Vanquished Creatures
  Menkaure (D:4)
  3 ice beasts
  A water moccasin skeleton (D:5)
  A howler monkey (D:6)
  A centaur zombie (D:5)
  A bullfrog zombie (D:5)
  A hound (D:6)
  An iguana (D:5)
  A howler monkey skeleton (D:6)
  2 adders
  A gnoll (D:1)
  A shadow imp (D:5)
  A white imp (D:6)
  An ufetubus (D:5)
  A worm (D:2)
  2 dart slugs (D:2)
  8 orcs
  6 endoplasms
  2 giant cockroaches
  7 goblins
  2 quokkas
  8 ball pythons
  3 bats
  2 frilled lizards
  7 kobolds
  5 rats
70 creatures vanquished.

Vanquished Creatures (others)
  A plant (D:5)
1 creature vanquished.

Grand Total: 71 creatures vanquished

Notes
Turn   | Place    | Note
-------+----------+-------------------------------------------
     0 | D:1      | jiml777 the Gargoyle Earth Elementalist began the quest for
                  | the Orb.
     0 | D:1      | Reached XP level 1. HP: 10/10 MP: 3/3
   142 | D:1      | Reached skill level 4 in Earth Magic
   142 | D:1      | Reached XP level 2. HP: 15/15 MP: 3/5
   915 | D:2      | Reached XP level 3. HP: 19/19 MP: 4/6
  1139 | D:2      | Found a faded altar of an unknown god.
  1587 | D:2      | Reached skill level 5 in Earth Magic
  1805 | D:3      | Found a hide-covered altar of Uskayaw.
  1859 | D:3      | Reached XP level 4. HP: 24/24 MP: 4/7
  2224 | D:3      | Learned a level 2 spell: Passwall
  2228 | D:3      | Learned a level 3 spell: Stone Arrow
  2380 | D:3      | Found a glowing golden altar of the Shining One.
  2484 | D:4      | Found a broken altar of Ashenzari.
  2563 | D:4      | Noticed Menkaure
  2579 | D:4      | Killed Menkaure
  2580 | D:4      | Reached skill level 1 in Armour
  2580 | D:4      | Reached XP level 5. HP: 28/28 MP: 1/10
  2664 | D:4      | You fall into a shaft and drop 2 floors!
  2664 | D:6      | Noticed an ice beast
  2664 | D:6      | Found a shadowy altar of Dithmenos.
  2670 | D:6      | Noticed an ice beast
  2766 | D:6      | Killed an ice beast
  2767 | D:6      | Reached skill level 6 in Earth Magic
  2767 | D:6      | Reached XP level 6. HP: 32/32 MP: 11/11
  2770 | D:6      | Killed an ice beast
  3019 | D:6      | Reached skill level 1 in Evocations
  3019 | D:6      | Reached XP level 7. HP: 36/36 MP: 10/13
  3087 | D:5      | Entered Level 5 of the Dungeon
  3107 | D:5      | Found a staircase to the Ecumenical Temple.
  3116 | Temple   | Entered the Ecumenical Temple
  3141 | Temple   | Became a worshipper of Cheibriados the Contemplative
  3512 | D:5      | Reached skill level 7 in Earth Magic
  3584 | D:5      | Found a hazy altar of Hepliaklqana.
  3830 | D:5      | HP: 1/36 [orc warrior/+0 scimitar (10)]
  3831 | D:5      | Demolished by an orc warrior

Illustrated notes

Levels and vault maps discovered:
D:1:      dpeg_arrival_lava_altar, layout_basic, serial_bayou_pond_a
D:2:      layout_loops_cross, basic_ecumenical_altar
D:3:      layout_basic, mainiacjoe_overflow_paths, mainiacjoe_overflow_24_doors,
          minivault_4, solitary_fountain, grunt_ministairs_10
D:4:      layout_cave_pods, led_sif_pool, nicolae_ashenzari_skybound,
          serial_glass, glass_columns_c, glass_columns_a, serial_shops, shop,
          uniq_robin, uniq_menkaure, uniq_ijyb
D:5:      minmay_bubble_buster, layout_loops_corners,
          nicolae_hepliaklqana_hazy_memory, minmay_temple_entry_metal_lava,
          minmay_misc_feat_enclosed
D:6:      layout_loops_cross, nicolae_dithmenos_through_a_glass_darkly,
          general_overflow_altar, kennysheep_generic_room_14, uniq_edmund
Temple:   jpeg_temple_island

Skill      XL: |  1  2  3  4  5  6  7 |
---------------+----------------------+-----
Earth Magic    | 4 5 6 7 |  7.3
Armour         | 1 2 |  2.6
Spellcasting   | 3 4 |  4.8
Evocations     | 1 |  1.6
Dodging        | |  1.7
Stealth        | |  2.5
Transmutations | |  0.7

Action                   |  1- 3 |  4- 6 |  7- 9 || total
-------------------------+-------+-------+-------++-------
Melee: Dagger            |       |     3 |     3 ||     6
       Punch             |       |     1 |       ||     1
 Cast: Sandblast         |    42 |    36 |    30 ||   108
Evoke: Wand              |       |     9 |       ||     9
  Use: Scroll            |       |     5 |     1 ||     6
       Potion            |       |     2 |     4 ||     6
Armor: Leather armour    |       |     6 |       ||     6
Dodge: Dodged            |     4 |    20 |     7 ||    31
